 Dungeon Crawl Stone Soup version 0.29.0-4-gdea44cf6ec (webtiles) character file.

Game seed: 17053021585310798848

94518 oldmanjim the Brawler (level 15, -6/167 HPs)
             Began as a Troll Hunter on Aug 27, 2022.
             Was the Champion of Makhleb.
             Mangled by an orc knight
             ... wielding a +3 battleaxe
              (46 damage)
             ... on level 1 of the Orcish Mines on Aug 28, 2022.
             The game lasted 03:12:53 (22799 turns).

oldmanjim the Brawler (Troll Hunter)               Turns: 22799, Time: 03:12:54

Health: -6/167     AC: 14    Str: 33    XL:     15   Next: 63%
Magic:  20/20      EV:  8    Int:  7    God:    Makhleb [******]
Gold:   1793       SH:  0    Dex: 13    Spells: 14/14 levels left

rFire   . . .      SeeInvis .     - Unarmed
rCold   + + +      Faith    .   (no shield)
rNeg    . . .      Spirit   .   D - +3 ice dragon scales
rPois   .          Reflect  .   (helmet restricted)
rElec   .          Harm     .   O - scarf {rC+ rF+}
rCorr   .          Rampage  .   (gloves unavailable)
Will    ++...                   (boots unavailable)
Stlth   +.........              X - amulet of regeneration
HPRegen 1.97/turn               r - ring of willpower
MPRegen 0.17/turn               G - +6 ring of strength

@: about to teleport, hasted, very quick
A: large, unfitting armour, claws 3, regeneration 1, shaggy fur 1, tough skin 1
a: Renounce Religion, Minor Destruction, Lesser Servant of Makhleb, Major
Destruction, Greater Servant of Makhleb


You were on level 1 of the Orcish Mines.
You worshipped Makhleb.
Makhleb was exalted by your worship.
You visited 4 branches of the dungeon, and saw 22 of its levels.
You also visited: Bailey and Ice Cave.

You collected 2118 gold pieces.
You spent 325 gold pieces at shops.

Inventory:

Hand Weapons
 b - the +6 arbalest "Damnation" {damnation}
   (You took it off a kobold brigand on level 13 of the Dungeon)

   Any ammunition fired from it explodes in a burst of damnation on striking a
   foe, dealing damage which bypasses armour.
Missiles
 A - 8 boomerangs of dispersal
 E - 16 boomerangs (quivered)
 K - a throwing net
 R - 2 silver boomerangs
 U - 8 curare-tipped darts
 V - 14 large rocks
Armour
 a - the +1 kite shield "Jurim" {rN+++ Regen+ Str+4 Stlth-}
   (You acquired it on level 12 of the Dungeon)

   Str:       It affects your strength (+4).
   rN:        It renders you almost immune to negative energy.
   Regen:     It increases your rate of health regeneration.
   Stlth:     It makes you less stealthy.
 n - the +2 robe of Ennui {rPois rF++ Int-2 Stlth+}
   (You found it on level 2 of the Dungeon)

   Int:       It affects your intelligence (-2).
   rF:        It greatly protects you from fire.
   rPois:     It protects you from poison.
   Stlth:     It makes you more stealthy.
 D - +3 ice dragon scales (worn)
 O - a scarf of resistance (worn)
Jewellery
 k - a +6 ring of dexterity
 o - an amulet of reflection
 r - a ring of willpower (left claw)
 x - a +4 ring of slaying
 G - a +6 ring of strength (right claw)
 H - a ring of willpower
 T - a ring of ice
 X - an amulet of regeneration (around neck)
Wands
 g - a wand of mindburst (6)
 s - a wand of digging (4)
 B - a wand of flame (45)
 L - a wand of charming (25)
 M - a wand of light (14)
 P - a wand of iceblast (13)
Scrolls
 c - 2 scrolls of blinking
 f - 5 scrolls of butterflies
 i - 6 scrolls of teleportation
 p - 3 scrolls of amnesia
 u - a scroll of fear
 y - 4 scrolls of summoning
 I - 2 scrolls of immolation
 J - 16 scrolls of identify
 W - a scroll of torment
 Y - 3 scrolls of magic mapping
 Z - a scroll of poison
Potions
 d - 3 potions of resistance
 e - 6 potions of flight
 h - 2 potions of might
 j - 3 potions of haste
 m - 6 potions of cancellation
 t - 6 potions of brilliance
 v - 4 potions of heal wounds
 w - 3 potions of lignification
 z - 4 potions of attraction
 C - 7 potions of curing
 F - a potion of invisibility
 Q - 3 potions of ambrosia
Miscellaneous
 l - a phantom mirror
 q - a lightning rod (4/4)
 S - a box of beasts


   Skills:
 - Level 15.0 Fighting
 + Level 5.0 Ranged Weapons
 - Level 1.5 Dodging
 - Level 2.9 Stealth
 + Level 4.8 Shields
 - Level 17.8 Unarmed Combat
 + Level 9.2 Invocations


You had 14 spell levels left.
You didn't know any spells.
Your spell library contained the following spells:

 Spells                   Type           Power      Damage    Failure   Level
 Freeze                   Ice            0%         1d3       73%         1
 Sublimation of Blood     Necr           0%         N/A       86%         2
 Call Canine Familiar     Summ           0%         N/A       97%         3
 Dazzling Flash           Conj/Hex       0%         N/A       97%         3
 Frozen Ramparts          Ice            0%         1d1       97%         3
 Portal Projectile        Hex/Tloc       0%         N/A       97%         3
 Animate Dead             Necr           0%         N/A       100%        4
 Hailstorm                Conj/Ice       0%         3d3       100%        4
 Iskenderun's Mystic Bla  Conj/Tloc      0%         2d3       100%        4
 Leda's Liquefaction      Hex/Erth       0%         N/A       100%        4
 Passage of Golubria      Tloc           0%         N/A       100%        4
 Petrify                  Tmut/Erth      0%         N/A       100%        4
 Alistair's Intoxication  Tmut/Pois      0%         N/A       100%        5
 Borgnjor's Vile Clutch   Necr/Erth      0%         N/A       100%        5
 Irradiate                Conj/Tmut      0%         3d11      100%        5
 Silence                  Hex/Air        0%         N/A       100%        5
 Eringya's Noxious Bog    Tmut/Pois      0%         N/A       100%        6
 Starburst                Conj/Fire      0%         6d3       100%        6
 Haunt                    Necr/Summ      0%         N/A       100%        7
 Infestation              Necr           0%         N/A       100%        8
 Lehudib's Crystal Spear  Conj/Erth      0%         10d2      100%        8


Dungeon Overview and Level Annotations

Branches:
Dungeon (14/15)            Temple (1/1) D:4            Lair (5/5) D:11
 Shoals (0/4) Lair:2       Spider (0/4) Lair:2        Slime (0/5) Lair:5
    Orc (2/2) D:11         Vaults (0/5) D:13         Bailey (visited)
  IceCv (visited)
    Elf: Orc:2

Altars:
Ashenzari
Cheibriados
Dithmenos
Elyvilon
Fedhas
Gozag
Hepliaklqana
Kikubaaqudgha
Makhleb
Nemelex Xobeh
Okawaru
Qazlal
Ru
Sif Muna
Trog
Uskayaw
Vehumet
Wu Jian
Xom
Yredelemnul
Zin
The Shining One
Jiyva
Lugonu

Shops:
D:2 [   D:4 [*   D:7 !

Portals:
Abyss: Lair:5

Annotations:
D:3 1 runed translucent door, Crazy Yiuf
Orc:2 Jorgrun


Innate Abilities, Weirdness & Mutations

You are too large for most types of armour.
You have claws for hands.
Your natural rate of healing is unusually fast.
You are covered in fur. (AC +1)
You have tough skin. (AC +1)


Message History

The fiery explosion engulfs the orc warlord!!
Flame seeps out of the orc warlord.
The orc warlord is heavily wounded.
The orc sorcerer casts a spell.
The orc hits you but does no damage. The troll bites you but does no damage.
The troll claws you but does no damage. The troll closely misses you.
The orc wizard is engulfed in blazing flames.
Makhleb accepts your kill.
You feel better.
The orc wizard explodes!
The orc warlord is engulfed in blazing flames.
Flame seeps out of the orc warlord.
The orc warlord hits you with a +1 war axe!
The orc knight is engulfed in blazing flames.
Flame seeps out of the orc knight.
The orc knight roars a battlecry!
The orc warlord goes into a battle-frenzy!
The orc warrior jeers repeatedly.
The orc warrior unwields a +0 arbalest.
The orc warrior wields a +0 short sword.
The orc warrior hits you with a +0 short sword!
You hear a shout!
Your Ranged Weapons skill increases to level 5!
You climb upwards.
Reactivating autopickup.
There is a stone staircase leading down, spattered with blood here.
You eviscerate the orc!!! Makhleb accepts your kill.
You feel better.
The orc explodes!
The fiery explosion engulfs the orc warrior!
Flame seeps out of the orc warrior.
The orc warrior is heavily wounded.
The fiery explosion engulfs you!!
You are engulfed in blazing flames.
Unknown command.
As you read the scroll of teleportation, it crumbles to dust.
You feel strangely unstable.
You are engulfed in blazing flames.
* * * LOW HITPOINT WARNING * * *
The orc knight hits you with a +3 battleaxe!!!
You die...

##.#)[....#.......#....###....#
....#[#..##............#......#
...)##....##.................##
.#........#.....#.#.........###
.............).............##.##
...............................#
...............§.§............##
...........#[.[§§§....#.#.....##
#...........##[o@§.............#
##.....#.......ooT....^....#..##
###........................####
##.#..#...........#.....#...#
.........................#.##
#.......................####
........#.....#........##
.......###...#####.#.###
#.#..####....# ##.###


You could see an orc warlord (inner flame, strong), an orc knight (inner flame,
strong), a troll (inner flame) and an orc warrior (inner flame, strong).

Vanquished Creatures
  A fire giant (D:12)
  An ice dragon (IceCv)
  2 vault guards (Bailey)
  3 hydras
  3 boulder beetles
  An ogre mage (D:13)
  11 centaur warriors
  7 two-headed ogres
  A catoblepas (Lair:2)
  An orc high priest (Orc:1)
  4 thrashing horrors (Lair:5)
  A fire crab (D:12)
  8 skeletal warriors
  The ghost of turdburglar the Slicer, a novice DsFi of Dithmenos (D:7)
  A wizard (D:12)
  Pikel (D:6)
  3 deep elf pyromancers
  3 cyclopes
  4 orc knights
  23 ugly things
  5 manticores
  A manticore (shapeshifter) (Lair:5)
  8 elephants
  A merfolk siren (Lair:2)
  3 black mambas (Lair:5)
  2 ice statues (IceCv)
  2 smoke demons (Lair:5)
  3 unseen horrors
  11 cane toads
  3 gargoyles
  2 kobold demonologists
  6 rime drakes
  3 yaktaurs (D:13)
  An efreet (D:13)
  A freezing wraith (D:10)
  A komodo dragon (shapeshifter) (D:10)
  5 komodo dragons
  3 tengu conjurers
  7 trolls
  A troll (shapeshifter) (D:14)
  2 hornets (D:8)
  Prince Ribbit (Bailey)
  A polar bear (shapeshifter) (D:13)
  A polar bear (Lair:3)
  2 slime creatures (D:12)
  A large abomination (Lair:5)
  32 blink frogs
  A centaur simulacrum (D:13)
  A culicivora (shapeshifter) (D:13)
  60 yaks
  2 water elementals (D:13)
  A shadow (D:10)
  A hog (shapeshifter) (D:13)
  A wyvern (Lair:1)
  A ynoxinul (Lair:5)
  A wraith (D:11)
  2 vampires
  4 redbacks
  6 vampire mosquitoes
  7 basilisks
  2 chaos spawn (Lair:5)
  3 steam dragons
  3 humans (Bailey)
  3 wargs
  3 acid dragons
  15 water moccasins
  An ice beast (D:6)
  2 black bears (D:6)
  24 orc warriors
  6 ogres
  2 sky beasts
  13 centaurs
  A phantom (D:6)
  2 lemures (D:6)
  7 kobold brigands
  19 bullfrogs
  9 small abominations (Lair:5)
  2 gnoll sergeants
  2 scorpions
  8 wights
  19 killer bees
  4 lindwurm simulacra (IceCv)
  7 howler monkeys
  8 electric eels
  3 lava snakes (Lair:3)
  6 komodo dragon simulacra (IceCv)
  2 gnoll boudas
  2 hounds
  A jelly (D:5)
  9 orc priests
  5 iguanas
  19 orc wizards
  6 hell rats
  Robin (D:3)
  11 gnolls
  7 acid dragon simulacra (IceCv)
  5 adders
  4 steam dragon simulacra (IceCv)
  2 worms (D:3)
  3 dart slugs
  69 orcs
  7 ball pythons
  7 endoplasms
  2 giant cockroaches
  12 goblins
  11 hobgoblins
  2 jackals (D:3)
  21 kobolds
  6 quokkas
  5 bats
  3 frilled lizards
  4 rats
677 creatures vanquished.

Vanquished Creatures (collateral kills)
  2 hydras
  An ugly thing (D:14)
3 creatures vanquished.

Vanquished Creatures (others)
  A wraith (D:14)
  A boggart (D:13)
  An orc priest (Orc:2)
  An orc wizard (D:4)
  An orc (Orc:2)
  42 fungi
  122 plants
169 creatures vanquished.

Grand Total: 849 creatures vanquished

Notes
Turn   | Place    | Note
-------+----------+-------------------------------------------
     0 | D:1      | oldmanjim the Troll Hunter began the quest for the Orb.
     0 | D:1      | Reached XP level 1. HP: 19/19 MP: 0/0
    79 | D:1      | Reached skill level 1 in Unarmed Combat
    80 | D:1      | Reached XP level 2. HP: 28/28 MP: 1/1
   433 | D:2      | Reached XP level 3. HP: 36/36 MP: 2/2
   451 | D:2      | Reached skill level 2 in Unarmed Combat
   655 | D:2      | Found Eclampug's Armour Emporium.
   660 | D:2      | Identified the +2 robe of Ennui {rPois rF++ Int-2 Stlth+}
   806 | D:2      | Found a faded altar of an unknown god.
  1291 | D:3      | Reached XP level 4. HP: 44/44 MP: 3/3
  1452 | D:3      | Reached skill level 3 in Unarmed Combat
  1601 | D:3      | Found a burning altar of Makhleb.
  1605 | D:3      | Became a worshipper of Makhleb the Destroyer
  1841 | D:3      | Noticed Robin
  1856 | D:3      | Killed Robin
  1858 | D:3      | Reached XP level 5. HP: 52/53 MP: 4/4
  2040 | D:3      | Identified the +1 hammer "Pepuas" {drain, rPois Will+++
                  | rCorr Str-4}
  2042 | D:3      | Found a runed translucent door.
  2043 | D:3      | Noticed Crazy Yiuf
  2347 | D:4      | Reached skill level 4 in Unarmed Combat
  2402 | D:4      | Found Wocwejy's Antique Armour Boutique.
  2403 | D:4      | Found Holinefi's General Store.
  2411 | D:4      | Bought a potion of attraction for 39 gold pieces
  2411 | D:4      | Bought a potion of heal wounds for 65 gold pieces
  2411 | D:4      | Bought a potion of lignification for 39 gold pieces
  2411 | D:4      | Bought a scroll of identify for 26 gold pieces
  2462 | D:4      | Reached XP level 6. HP: 53/62 MP: 5/5
  2472 | D:4      | Found a staircase to the Ecumenical Temple.
  2512 | D:4      | Reached * piety under Makhleb
  2594 | Temple   | Entered the Ecumenical Temple
  2924 | D:4      | Reached skill level 5 in Unarmed Combat
  3065 | D:4      | Reached XP level 7. HP: 68/71 MP: 6/6
  3263 | D:5      | Entered Level 5 of the Dungeon
  3297 | D:5      | Found a bloodstained altar of Trog.
  3503 | D:5      | Reached ** piety under Makhleb
  3532 | D:5      | Reached skill level 5 in Fighting
  3770 | D:5      | Reached skill level 6 in Unarmed Combat
  4025 | D:6      | Reached XP level 8. HP: 81/81 MP: 7/7
  5121 | D:6      | Reached skill level 7 in Unarmed Combat
  5300 | D:6      | Reached skill level 1 in Invocations
  5366 | D:6      | Noticed Pikel
  5375 | D:6      | Killed Pikel
  5826 | D:6      | Reached XP level 9. HP: 85/92 MP: 10/10
  5839 | D:6      | Reached skill level 8 in Unarmed Combat
  5901 | D:7      | Found a large runed translucent door.
  5901 | D:7      | Found a large runed translucent door.
  5958 | D:7      | Noticed turdburglar's ghost (novice DsFi)
  6016 | D:7      | Reached *** piety under Makhleb
  6045 | D:7      | Noticed a two-headed ogre
  6059 | D:7      | Killed a two-headed ogre
  6060 | D:7      | Reached skill level 9 in Unarmed Combat
  6060 | D:7      | Reached skill level 5 in Invocations
  6063 | D:7      | Reached XP level 10. HP: 31/104 MP: 12/12
  6132 | D:7      | Found a white marble altar of Elyvilon.
  6239 | D:7      | Found Buoruur's Distillery.
  6244 | D:7      | Bought a potion of resistance for 120 gold pieces
  6244 | D:7      | Bought a potion of flight for 36 gold pieces
  6256 | D:7      | Found a flagged portal.
  6265 | Bailey   | Entered a bailey
  6282 | Bailey   | Reached skill level 10 in Unarmed Combat
  6373 | Bailey   | Reached **** piety under Makhleb
  6427 | Bailey   | Noticed Prince Ribbit
  6427 | Bailey   | Noticed a vault guard
  6455 | Bailey   | Killed Prince Ribbit
  6477 | Bailey   | Killed a vault guard
  6569 | Bailey   | Noticed a vault guard
  6592 | Bailey   | Killed a vault guard
  6593 | Bailey   | Reached skill level 11 in Unarmed Combat
  7334 | D:8      | Reached XP level 11. HP: 117/117 MP: 13/13
  7396 | D:8      | Found a broken altar of Ashenzari.
  7837 | D:8      | Noticed a five-headed hydra
  7856 | D:8      | Killed a five-headed hydra
  7857 | D:8      | Reached skill level 10 in Fighting
  8336 | D:9      | Reached skill level 12 in Unarmed Combat
  8388 | D:9      | Reached ***** piety under Makhleb
  8749 | D:9      | Noticed a two-headed ogre
  8767 | D:9      | Killed a two-headed ogre
  9108 | D:10     | Entered Level 10 of the Dungeon
  9185 | D:10     | Found Waklud's Neck Hole.
  9323 | D:10     | Noticed a harpy
  9323 | D:10     | a wind drake changed into a harpy
  9328 | D:10     | a harpy changed into a komodo dragon
  9468 | D:10     | Noticed a two-headed ogre
  9487 | D:10     | Killed a two-headed ogre
 10297 | D:11     | Noticed a two-headed ogre
 10313 | D:11     | Killed a two-headed ogre
 10358 | D:11     | Found a staircase to the Lair.
 10397 | D:11     | Reached skill level 13 in Unarmed Combat
 10397 | D:11     | Reached XP level 12. HP: 125/130 MP: 15/15
 10554 | D:11     | Found a staircase to the Orcish Mines.
 10561 | D:11     | Identified the amulet "Vuakaxti" {Faith rC++ Str-5 Int-3
                  | SInv}
 10590 | D:11     | Identified a scroll of acquirement
 10707 | Lair:1   | Entered Level 1 of the Lair of Beasts
 10845 | Lair:1   | Noticed a seven-headed hydra
 11059 | D:11     | Killed a seven-headed hydra
 11968 | Lair:2   | Found a hole to the Spider Nest.
 11999 | Lair:2   | Reached skill level 14 in Unarmed Combat
 12197 | Lair:2   | Found a staircase to the Shoals.
 12233 | Lair:2   | Acquired a +2 vorpal longbow
 12501 | Lair:2   | Noticed a catoblepas
 12560 | Lair:2   | Killed a catoblepas
 12600 | Lair:2   | Noticed a boulder beetle
 12699 | Lair:2   | Killed a boulder beetle
 12699 | Lair:2   | Reached ****** piety under Makhleb
 13127 | Lair:3   | Reached XP level 13. HP: 130/141 MP: 17/17
 13651 | Lair:3   | Reached skill level 15 in Unarmed Combat
 15101 | Lair:5   | Entered Level 5 of the Lair of Beasts
 15802 | Lair:5   | Reached skill level 16 in Unarmed Combat
 16015 | Lair:5   | Found a viscous altar of Jiyva.
 16015 | Lair:5   | Found a staircase to the Slime Pits.
 16294 | Lair:5   | Noticed an ettin
 16340 | Lair:5   | an ettin changed into something unseen
 16564 | Lair:5   | Reached XP level 14. HP: 136/156 MP: 18/18
 16690 | Lair:5   | Found a corrupted altar of Lugonu.
 16690 | Lair:5   | Found a one-way gate to the infinite horrors of the Abyss.
 16709 | Lair:5   | Identified the +1 spear of Beyond {vorpal, Dex+3}
 17297 | D:7      | Killed turdburglar's ghost
 17398 | Orc:1    | Entered Level 1 of the Orcish Mines
 17716 | Orc:2    | Entered Level 2 of the Orcish Mines
 17721 | Orc:2    | Noticed Jorgrun
 17950 | Orc:2    | Noticed an orc warlord
 18403 | D:12     | Noticed a fire giant
 18425 | D:12     | Reached skill level 17 in Unarmed Combat
 18460 | D:12     | Killed a fire giant
 19050 | D:12     | Found an ornate altar of the Wu Jian Council.
 19268 | D:12     | Acquired the +1 kite shield "Jurim" {rN+++ Regen+ Str+4
                  | Stlth-}
 19395 | D:12     | Identified the +12 scimitar of Reheoh {vorpal, rC+ Dex+3}
 19650 | D:13     | Found a frozen archway.
 19655 | IceCv    | Entered an ice cave
 19895 | IceCv    | Reached skill level 1 in Stealth
 20142 | IceCv    | Identified the +0 pair of boots of Dogma {rPois rN+}
 20322 | D:13     | Reached skill level 15 in Fighting
 20685 | D:13     | Reached XP level 15. HP: 50/167 MP: 20/20
 20908 | D:13     | Reached skill level 1 in Shields
 20961 | D:13     | Found a gate to the Vaults.
 22797 | Orc:2    | Reached skill level 5 in Ranged Weapons
 22799 | Orc:1    | Mangled by an orc knight

Illustrated notes

Levels and vault maps discovered:
D:1:      lightli_arrival_quake, layout_rooms
D:2:      layout_basic, hellmonk_ecumenical_altar_heavens_door, serial_shops,
          shop_fountains, hangedman_abyss_or_decor_lesser_grid
D:3:      layout_loops_corners, mainiacjoe_overflow_six_doors_small,
          uniq_crazy_yiuf_cottage, uniq_robin
D:4:      layout_loops_ring, minmay_temple_entry_arrows,
          nicolae_wooded_promenade, nicolae_concentric_dashed_squares_mild,
          serial_park_tiny_pond, glass_columns_c
D:5:      layout_loops_ring, trog_antimagical
D:6:      layout_layer_cave, nicolae_figureground_pulse, uniq_pikel
D:7:      layout_cave_pools, nicolae_overflow_crystal_walls, enter_bailey_6,
          ebering_ghost_disaster_area, serial_shops, nicolae_shop_hallway_plus,
          ebering_dispersal_statue_hall
D:8:      layout_loops_corners, lemuel_round_altar
D:9:      layout_irregular_city, minmay_misc_feat_pillars, centaur_isle
D:10:     minmay_razor_zed, layout_rooms, nicolae_shop_sticking_my_neck_out
D:11:     layout_rooms, lair_entry_dummy, orc_0_dummy
D:12:     nzn_winding_woodlands_stair_trap [nzn_winding_woodlands_5x15_garden,
          nzn_winding_woodlands_5x15_pool,
          nzn_winding_woodlands_5x15_lazy_stream,
          nzn_winding_woodlands_15x15_killbox, nzn_winding_woodlands_5x15_cabin,
          nzn_winding_woodlands_5x15_pockets,
          nzn_winding_woodlands_5x15_jagged], layout_irregular_city,
          nicolae_wu_jian_glorious_leap
D:13:     minmay_the_grid_triangle_9x9_rhombus_thin
          [minmay_the_grid_triangle_9x9_alien,
          minmay_the_grid_triangle_9x9_prize_schism,
          minmay_the_grid_triangle_9x9_corrupted_corridor,
          minmay_the_grid_triangle_9x9_cache], layout_rooms,
          hangedman_vaults_entry_quadrant_bands, serial_bayou,
          serial_bayou_pond_d, serial_bayou_lagoon_a, serial_bayou_pond_c,
          serial_bayou_crossing, serial_bayou_pond_d, serial_bayou_lagoon_b,
          portal_ice_cave_entry_pillars_1
D:14:     layout_grid_maze, minmay_fractal_squares_5
Temple:   regret_index_temple_mists
Lair:1:   layout_roguey
Lair:2:   layout_regular_city, minmay_shoals_entry_lonely_mermaid,
          spider_nest_entry_webs
Lair:3:   layout_roguey, serial_bayou_ford_a, nicolae_lair_liquid_snakes
Lair:4:   layout_big_grid
Lair:5:   hellmonk_lair_end_abyssal_woods, layout_small_grid, slime_entry_1
Orc:1:    layout_caves, nicolae_shop_gadgets
Orc:2:    grunt_orc_gardens, layout_caves, grunt_orc_garden, grunt_orc_garden,
          grunt_orc_garden, grunt_orc_garden, nicolae_orc_crystal_geode,
          uniq_saint_roka, uniq_jorgrun

Skill      XL: |  1  2  3  4  5  6  7  8  9 10 11 12 13 14 15 |
---------------+----------------------------------------------+-----
Unarmed Combat | 1 2 3 4 5 6 7 9 11 13 14 16 17 | 17.8
Fighting       | 2 3 4 5 6 8 9 11 12 14 15 | 15.0
Invocations    | 2 5 6 7 8 9 |  9.2
Stealth        | 2 |  2.9
Shields        | 4 |  4.8
Ranged Weapons | 5 |  5.0
Dodging        | |  1.5

Action                   |  1- 3 |  4- 6 |  7- 9 | 10-12 | 13-15 || total
-------------------------+-------+-------+-------+-------+-------++-------
Melee: Unarmed           |    23 |    92 |   172 |   410 |   833 ||  1530
       Punch             |       |     3 |    10 |    30 |    76 ||   119
       Shortbow          |       |       |       |       |     1 ||     1
 Fire: Shortbow          |    63 |    68 |    98 |   282 |   250 ||   761
       Arbalest          |       |       |       |       |    64 ||    64
Throw: Stone             |     2 |       |       |       |       ||     2
       Dart              |       |     1 |       |    11 |       ||    12
       Boomerang         |       |       |       |     7 |    45 ||    52
       Large rock        |       |       |       |     3 |     3 ||     6
Invok: Major Destruction |       |       |       |     1 |       ||     1
Evoke: Wand              |       |       |       |     6 |     8 ||    14
       Phantom mirror    |       |       |       |       |     1 ||     1
  Use: Scroll            |       |     3 |     9 |    14 |    16 ||    42
       Potion            |       |       |     1 |       |     6 ||     7
 Stab: Sleeping          |       |       |     2 |       |       ||     2
Armor: Robe              |     4 |    20 |    45 |   120 |   178 ||   367
       Troll leather arm |       |       |       |       |    72 ||    72
       Ice dragon scales |       |       |       |       |    82 ||    82
Dodge: Dodged            |    18 |    28 |    79 |   178 |   416 ||   719
Block: Other             |     1 |    14 |    40 |    84 |       ||   139
       Reflection        |       |       |     1 |    15 |       ||    16
       Kite shield       |       |       |       |       |    89 ||    89
